 Dungeon Crawl Stone Soup version 0.26.1-11-gd32895ea62 (webtiles) character file.

Game seed: 2465359399024873383

91 vvl the Skirmisher (level 4, -5/35 HPs)
             Began as a Demonspawn Fighter on July 16, 2021.
             Slain by an ogre
             ... wielding a +0 giant spiked club
              (17 damage)
             ... on level 4 of the Dungeon.
             The game lasted 00:06:53 (2818 turns).

vvl the Skirmisher (Demonspawn Fighter)             Turns: 2818, Time: 00:06:56

Health: -5/35      AC:  3    Str: 17    XL:     4   Next: 33%
Magic:  5/5        EV:  8    Int: 10    God:
Gold:   149        SH: 13    Dex: 12    Spells: 4/4 levels left

rFire    . . .     SeeInvis .   p - +0 long sword
rCold    + + .     Faith    .   j - +0 tower shield (curse)
rNeg     . . .     Spirit   .   n - +0 robe (curse)
rPois    .         Reflect  .   (no helmet)
rElec    .         Harm     .   m - +0 cloak
rCorr    .         Rampage  .   (no gloves)
Will     .....                  (no boots)
Stlth    +.........             (no amulet)
HPRegen  0.11/turn              g - ring of protection from cold
MPRegen  0.09/turn              (no ring)

@: no status effects
A: repulsion field 1, cold resistance 1
a: no special abilities


You were on level 4 of the Dungeon.
You visited 1 branch of the dungeon, and saw 4 of its levels.

You collected 149 gold pieces.

Inventory:

Hand Weapons
 p - a +0 long sword (weapon)
Armour
 b - a +0 kite shield
 j - a cursed +0 tower shield (worn)
 m - a +0 cloak (worn)
 n - a cursed +0 robe (worn)
 o - a cursed +0 ring mail
Jewellery
 g - a ring of protection from cold (left hand)
Wands
 a - a wand of disintegration (17)
 l - a wand of acid (12)
Scrolls
 d - 2 scrolls of magic mapping
 e - 2 scrolls of teleportation
 h - a scroll of identify
 i - a scroll of enchant weapon
 k - 3 scrolls of amnesia
 q - a scroll of enchant armour
 r - a scroll of remove curse {unknown}
 t - 2 scrolls of noise {unknown}
Potions
 c - 2 potions of might
 f - a potion of degeneration {unknown}
 s - a potion of mutation {unknown}


   Skills:
 + Level 3.3 Fighting
 + Level 3.0 Armour
 + Level 3.0 Shields
 * Level 2.6 Unarmed Combat
 + Level 0.7 Spellcasting
 * Level 1.6 Transmutations


You had 4 spell levels left.
You didn't know any spells.
Your spell library was empty.

Dungeon Overview and Level Annotations

Branches:
Dungeon (4/15)
 Temple: D:4-7

Altars:
Dithmenos


Innate Abilities, Weirdness & Mutations

You are surrounded by a mild repulsion field. (EV +2)
Your flesh is cold resistant. (rC+)


Message History

An ogre is nearby!
You block the ogre's attack.
You barely miss the ogre. You block the ogre's attack.
You hit the ogre.
The ogre is lightly wounded.
The ogre hits you with a +0 giant spiked club!!
Ouch! That really hurt!
You are too injured to fight recklessly!
You barely miss the ogre.
The ogre is lightly wounded.
The ogre barely misses you.
You riposte.
Your shield prevents you from hitting the ogre.
The ogre is lightly wounded.
You hit the ogre.
The ogre is moderately wounded.
You block the ogre's attack.
You hit the ogre.
The ogre is moderately wounded.
The ogre hits you with a +0 giant spiked club!
You die...

..#..#. .
......# .. .....
... ...$ ...>
#.. ..... #.# #
......##.##.#
......O@...?#
########.####
#.# ####### #.#
. #<....# #.#
....#.....###.#
#...........(..#
######.....#####
#.....#


You could see an ogre.

Vanquished Creatures
  2 adders
  An ooze (D:2)
  An adder zombie (D:3)
  A worm (D:3)
  3 dart slugs
  A ball python (D:3)
  A giant cockroach (D:2)
  9 goblins
  8 hobgoblins
  A quokka (D:3)
  12 bats
  A frilled lizard (D:3)
  8 kobolds
  8 rats
57 creatures vanquished.

Notes
Turn   | Place    | Note
-------+----------+-------------------------------------------
     0 | D:1      | vvl the Demonspawn Fighter began the quest for the Orb.
     0 | D:1      | Reached XP level 1. HP: 18/18 MP: 1/1
   645 | D:1      | Gained mutation: Your flesh is cold resistant. (rC+)
                  | [demonic ancestry]
   645 | D:1      | Reached XP level 2. HP: 23/24 MP: 2/2
   928 | D:2      | Reached skill level 1 in Transmutations
  1261 | D:2      | Reached XP level 3. HP: 24/29 MP: 3/3
  2019 | D:3      | Gained mutation: You are surrounded by a mild repulsion
                  | field. (EV +2) [demonic ancestry]
  2019 | D:3      | Reached XP level 4. HP: 11/35 MP: 4/4
  2449 | D:3      | Found a shadowy altar of Dithmenos.
  2808 | D:4      | Noticed an ogre
  2818 | D:4      | Slain by an ogre

Illustrated notes

Levels and vault maps discovered:
D:1:      evilmike_arrival_plus, layout_loops_corners, nrook_mini_vaults,
          chequers_serial_rivers_micro_a
D:2:      layout_rooms
D:3:      minmay_wonky_spiral, layout_rooms, minmay_misc_feat_more_columns,
          grunt_dithmenos_smoke
D:4:      layout_loops_cross, serial_shops,
          nicolae_shop_temple_entry_statues_fountains, minmay_checkerbox

Skill      XL: |  1  2  3 |
---------------+----------+-----
Unarmed Combat | 2 |  2.6
Transmutations | 1 |  1.6
Shields        | 3 |  3.0
Armour         | 3 |  3.0
Fighting       | |  3.3
Spellcasting   | |  0.7

Action                   |  1- 3 |  4- 6 || total
-------------------------+-------+-------++-------
Melee: Unarmed           |    71 |       ||    71
       Mace              |   103 |    45 ||   148
       Long sword        |       |    27 ||    27
  Use: Scroll            |       |     5 ||     5
       Potion            |       |     2 ||     2
Armor: Scale mail        |   109 |    54 ||   163
       Robe              |       |     2 ||     2
Dodge: Dodged            |    64 |    58 ||   122
Block: Kite shield       |   105 |    76 ||   181
       Tower shield      |       |    13 ||    13
       Rpst.: Long sword |       |     4 ||     4
